[Event "MČR juniorů a juniorek v rapid šachu 2024"]
[Site "Hotel Fit Fun, Harrachov, Czech Republic"]
[Date "2024.09.21"]
[Round "1.32"]
[White "Zadrapova Gabriela"]
[Black "Rybacek Martin"]
[Result "0-1"]
[TimeControl "20+5"]
[WhiteFideId "23753056"]
[BlackFideId "23739266"]
[WhiteElo "1456"]
[BlackElo "1831"]

1. e4 c6 2. d4 d5 3. Nc3 dxe4 4. Nxe4 Bf5 5. Bd3 Qxd4 6. Nf3 Qd8 7. O-O e6 8. b3 Nf6 9. Nfd2 Qd4 10. Nxf6+ Qxf6 11. Rb1 Bxd3 12.
cxd3 Be7 13. Bb2 Qg6 14. Nf3 Nd7 15. Re1 O-O 16. Rc1 Rfd8 17. Re3 Bf6 18. Bxf6 Nxf6 19. Ne5 Qh5 20. Qxh5 Nxh5 21.
Rc4 Rd5 22. Rb4 Rb5 23. Ree4 Rxb4 24. Rxb4 f6 25. Nc4 b6 26. Ne3 g6 27. g4 Ng7 28. f4 Rd8 29. d4 Kf7 30. Kf2 h5 31. h3 hxg4 32. hxg4 Rh8 33. Kf3 Rh3+ 34. Ke2 Rh2+ 35. Kd3 Rxa2 36. Rc4 Rb2 37. Kc3 Re2 38. Nc2 Rf2 39.
Rxc6 Rxf4 40. Rc7+ Kg8 41. Rxa7 Rxg4 42. Ra6 Rf4 43. Rxb6 g5 44. Kd3 g4 45. Ra6 g3 46. Ra1 Rf3+ 47. Ke2 Rxb3 48. Rg1 Nf5 0-1



[ePGN "0.1;DGT LiveChess/2.2.6"]

[Event "MČR juniorů a juniorek v rapid šachu 2024"]
[Site "Hotel Fit Fun, Harrachov, Czech Republic"]
[Date "2024.09.21"]
[Round "1.33"]
[White "Dobsa Emma"]
[Black "Martinkovicova Nela"]
[Result "1-0"]
[TimeControl "20+5"]
[WhiteFideId "23709391"]
[BlackFideId "23715596"]
[WhiteElo "1830"]
[BlackElo "1446"]

1. e4 e5 2. Nf3 Nf6 3. Nxe5 d6 4. Nf3 Nxe4 5. d4 d5 6. Bd3 Bg4 7. h3 Bh5 8. O-O Bd6 9. c4 c6 10.
Re1 O-O 11. Bxe4 dxe4 12. Rxe4 Nd7 13. Nc3 Nf6 14. Re1 Qc7 15. Bg5 Nd7 16. Ne4 Bh2+ 17.
Kh1 Bd6 18. Nxd6 Qxd6 19. Be7 Qc7 20. Bxf8 Rxf8 21. Qd3 f5 22. Re7 Qd8 23. Re2 g5 24. Rc2 g4 25. Nh2 Ne5 26. Qe3 Ng6 27.
Re1 gxh3 28. Qxh3 Nf4 29. Qg3+ Ng6 30. Rd2 f4 31. Qb3 Qg5 32. Nf3 Bxf3 33. Qxf3 Nh4 34. Qh3 f3 35. Rd3 fxg2+ 36. Kg1 Qf6 37. Qe6+ Qxe6 38. Rxe6 Rf7 39. Rg3+ Kf8 40. Re4 Nf3+ 41. Kxg2 Nd2 42. Ree3 Nxc4 43. Ref3 Rxf3 44. Rxf3+ Ke7 45. b3 Nd6 46.
Rh3 b5 47. Rxh7+ Ke6 48. Rxa7 Nf5 49. Rh7 Nxd4 50. Kg3 Kf5 51.
Rh5+ Ke4 52. Rh4+ Ke5 53. f4+ Ke6 54. Rh5 Nf5+ 55. Kg4 Ne3+ 56. Kg5 Nf5 57. Rh2 Ng7 58. Re2+ Kf7 59. f5 Ne8 60. Rc2 c5 61. Rxc5 b4 62.
Rb5 Nd6 63. Rxb4 Ke7 64. Rb6 Nf7+ 65. Kg6 Ne5+ 66. Kg7 Nd7 67. Rb7 Ke8 68. Rxd7 Kxd7 69. f6 1-0



[ePGN "0.1;DGT LiveChess/2.2.6"]

[Event "MČR juniorů a juniorek v rapid šachu 2024"]
[Site "Hotel Fit Fun, Harrachov, Czech Republic"]
[Date "2024.09.21"]
[Round "1.34"]
[White "Kopecka Anna"]
[Black "Mrazek Adam"]
[Result "0-1"]
[TimeControl "20+5"]
[WhiteFideId "23767740"]
[BlackFideId "23725010"]
[WhiteElo "1431"]
[BlackElo "1830"]

1. d4 Nf6 2. Nf3 d5 3. e3 e6 4. Bd3 c5 5. c3 Nc6 6. Nbd2 b6 7. Qe2 Be7 8. O-O O-O 9. dxc5 bxc5 10. e4 dxe4 11. Nxe4 Bb7 12. Bg5 c4 13. Bc2 Nxe4 14.
Bxe7 Nxe7 15. Bxe4 Bxe4 16. Qxe4 Qd5 17. Qxd5 Nxd5 18. Rad1 Rab8 19. Rd2 Rb7 20. Ne5 Rc8 21. Rfd1 f6 22.
Nf3 Rcb8 23. h3 Rxb2 0-1



[ePGN "0.1;DGT LiveChess/2.2.6"]

[Event "MČR juniorů a juniorek v rapid šachu 2024"]
[Site "Hotel Fit Fun, Harrachov, Czech Republic"]
[Date "2024.09.21"]
[Round "1.35"]
[White "Nespurek Jakub"]
[Black "Krizan Jakub"]
[Result "1-0"]
[TimeControl "20+5"]
[WhiteFideId "391816"]
[BlackFideId "23717017"]
[WhiteElo "1817"]
[BlackElo "1000"]

1. e4 c5 2. c3 Nc6 3. d4 cxd4 4. cxd4 e6 5. Nc3 Bb4 6. Nf3 d6 7. Bd3 Nf6 8. O-O h6 9. d5 Bxc3 10.
dxc6 Ba5 11. cxb7 Bxb7 12. Bb5+ Nd7 13. Qxd6 Bxe4 14. Ne5 Qe7 15. Bxd7+ Kf8 16. Qxe7+ Kxe7 17. Bc6 Bf5 18. Bxa8 Rxa8 19. Nc6+ Kf6 20.
Nxa5 g5 21. Bd2 h5 22. Bc3+ e5 23. Nc6 Re8 24. Nxe5 Kg7 25. Rfe1 f6 26. Nf3 Rc8 27. Nxg5 Kg6 28. Ne4 Rc4 29.
Nd6 Rf4 30. Nxf5 Rxf5 31. Re6 Kh7 32. Bxf6 Kg8 33. Bh4 Rf4 34. g3 Rb4 35. Re7 Rxb2 36. Rd1 Rb8 37. Rd6 Rb6 38. Rd8# 1-0



[ePGN "0.1;DGT LiveChess/2.2.6"]

[Event "MČR juniorů a juniorek v rapid šachu 2024"]
[Site "Hotel Fit Fun, Harrachov, Czech Republic"]
[Date "2024.09.21"]
[Round "1.36"]
[White "Horvath Michal"]
[Black "Sknouril Jakub"]
[Result "0-1"]
[TimeControl "20+5"]
[BlackFideId "23731133"]
[WhiteElo "1000"]
[BlackElo "1806"]

1. e4 d6 2. d4 Nf6 3. Nc3 Nbd7 4. Nf3 e5 5. Bg5 Be7 6. Bc4 O-O 7. Qd2 exd4 8. Nxd4 Nc5 9. Bd3 Re8 10.
O-O-O Nfxe4 11. Bxe7 Rxe7 12. Nxe4 Nxe4 13. Qf4 Nc5 14. Qh4 Nxd3+ 15. Rxd3 Bd7 16. Qg3 Re5 17. Rhd1 Qg5+ 18. Qxg5 Rxg5 19.
Nb3 Rxg2 20. Nc5 Bc6 21. h3 Re8 22. Nb3 Rxf2 23. Rg1 g6 24. Nd4 Be4 25. Re3 a6 26. a3 c5 27. Ne2 Bc6 28.
Rxe8+ Bxe8 29. Nc3 Bc6 30. Re1 Kf8 31. Ne4 Bxe4 32. Rxe4 Rf6 33. b4 Re6 34. Rc4 b5 35. Rf4 c4 36. Rh4 h5 37. a4 d5 38. Rf4 Ke7 39.
Rd4 Kd6 40. Kd2 Re4 41. Kc3 Rxd4 42. Kxd4 g5 43. axb5 axb5 44. c3 f5 0-1



[ePGN "0.1;DGT LiveChess/2.2.6"]

[Event "MČR juniorů a juniorek v rapid šachu 2024"]
[Site "Hotel Fit Fun, Harrachov, Czech Republic"]
[Date "2024.09.21"]
[Round "1.4"]
[White "Andrle Filip"]
[Black "Ret Adam Josef"]
[Result "1/2-1/2"]
[TimeControl "20+5"]
[WhiteFideId "23718749"]
[BlackFideId "384240"]
[WhiteElo "1789"]
[BlackElo "2038"]

1. e4 c5 2. Nc3 Nc6 3. g3 e5 4. Bg2 g6 5. Nge2 Bg7 6. O-O Nge7 7. d3 O-O 8. Be3 d6 9. Qd2 Be6 10. Nd5 Qd7 11. c3 Bh3 12. d4 Bxg2 13.
Kxg2 cxd4 14. cxd4 Nxd5 15. exd5 Ne7 16. Nc3 Nf5 17. dxe5 Nxe3+ 18. Qxe3 Bxe5 19. f4 Bxc3 20. Qxc3 Rac8 21.
Qd3 Rc5 22. Rac1 Qb5 23. Qxb5 Rxb5 24. Rc2 Rxd5 25. Rff2 Rc5 26. b4 Rxc2 27. Rxc2 Re8 28. Kf3 Re7 29. Rc8+ Kg7 30. Rd8 Rc7 31. Rxd6 Rc4 32. b5 Rb4 33. Rd5 Rb2 34. a4 Rxh2 35.
Rd7 Ra2 36. Rxb7 Rxa4 37. b6 Ra3+ 38. Kg2 a5 39. Ra7 Rb3 40. Rxa5 Rxb6 41. Rc5 Kf6 42. Kf3 h6 43. Ra5 Rb3+ 44.
Kg4 h5+ 45. Kh3 Rd3 46. Rb5 Ke6 47. Re5+ Kd6 48. Re8 Rc3 49. Ra8 Kd5 50. Ra4 Rc4 51. Rxc4 Kxc4 52. Kh4 Kd5 53. Kg5 Ke6 54.
f5+ gxf5 55. Kxh5 Ke5 56. Kg5 Ke6 57. Kh5 Kf6 58. Kh6 Ke7 59. Kg7 Ke6 60. Kh7 Kf6 61. Kh6 Ke7 62. Kg7 Ke6 63. Kh7 Ke5 64. Kg7 Ke6 65.
Kh7 Kd7 66. Kh6 Ke6 67. Kh7 Ke7 68. Kg7 f6 69. Kg6 Ke6 70. Kg7 Ke5 71. Kf7 f4 72. gxf4+ Kxf4 73. Kxf6 1/2-1/2



[ePGN "0.1;DGT LiveChess/2.2.6"]

[Event "MČR juniorů a juniorek v rapid šachu 2024"]
[Site "Hotel Fit Fun, Harrachov, Czech Republic"]
[Date "2024.09.21"]
[Round "1.5"]
[White "Skypala Ondrej"]
[Black "Housa Jan"]
[Result "1-0"]
[TimeControl "20+5"]
[WhiteFideId "366285"]
[BlackFideId "23736356"]
[WhiteElo "2033"]
[BlackElo "1788"]

1. c4 Nf6 2. g3 g6 3. Bg2 Bg7 4. Nc3 O-O 5. Nf3 c6 6. O-O d5 7. d4 Nbd7 8. b3 b6 9. Bb2 Bb7 10. Rc1 Rc8 11. Re1 Re8 12. Ne5 Nxe5 13. dxe5 Ng4 14. Bh3 h5 15. f3 Ne3 16. Qd3 d4 17. Bxc8 Bxc8 18. Nd1 Nxd1 19.
Rcxd1 c5 20. e3 Bf5 21.
Qd2 Bh6 22. f4 Bg4 23. exd4 Bxd1 24. Rxd1 cxd4 25. Qxd4 Qa8 26. Qd5 Qb8 27. e6 f6 28. Qe4 Kh7 29. Rd7 f5 30.
Qd4 h4 31. Qf6 1-0



[ePGN "0.1;DGT LiveChess/2.2.6"]

[Event "MČR juniorů a juniorek v rapid šachu 2024"]
[Site "Hotel Fit Fun, Harrachov, Czech Republic"]
[Date "2024.09.21"]
[Round "1.6"]
[White "Nagyova Daniela"]
[Black "Vilimek Vit"]
[Result "0-1"]
[TimeControl "20+5"]
[WhiteFideId "390070"]
[BlackFideId "23718218"]
[WhiteElo "1787"]
[BlackElo "2025"]

1. e4 c5 2. Nf3 Nc6 3. Nc3 Nf6 4. Bb5 Qc7 5. O-O Nd4 6. Ba4 a6 7. Nxd4 cxd4 8. Nd5 Nxd5 9. exd5 b5 10.
Bb3 d6 11. Qf3 g6 12. Re1 Bg7 13. a4 b4 14. a5 O-O 15. d3 Rb8 16. Bg5 Re8 17. Bd2 Bd7 18. Re2 Bf6 19. Qg3 Rb5 20.
Rae1 Kg7 21. Bg5 Bxg5 22. Qxg5 e5 23. Re4 f6 24. Qg3 Rxa5 25. f4 Rb5 26. Kh1 Rbb8 27. fxe5 fxe5 28. Rh4 Qd8 29.
Rhe4 Qf6 30. Kg1 Rf8 31.
R4e2 a5 32. Ra1 a4 33. Ba2 b3 34. cxb3 axb3 35. Bxb3 Rxb3 36. h3 Qf4 37. Qe1 Rxd3 38. Ra7 Rf7 0-1



[ePGN "0.1;DGT LiveChess/2.2.6"]

[Event "MČR juniorů a juniorek v rapid šachu 2024"]
[Site "Hotel Fit Fun, Harrachov, Czech Republic"]
[Date "2024.09.21"]
[Round "1.7"]
[White "Stocek Martin"]
[Black "Hrazdira Matyas Josef"]
[Result "1-0"]
[TimeControl "20+5"]
[WhiteFideId "380121"]
[BlackFideId "23732954"]
[WhiteElo "2021"]
[BlackElo "1786"]

1. d4 Nf6 2. c4 e6 3. Nf3 d5 4. Nc3 Bb4 5. Qa4+ Nc6 6. e3 O-O 7. Bd2 Re8 8. a3 Bxc3 9. Bxc3 Ne4 10. Qc2 a5 11. Bd3 Nf6 12.
O-O Ne7 13. Rfe1 Ng6 14. Rac1 c6 15. Rcd1 Qc7 16. e4 Nf4 17. e5 Nxd3 18. Qxd3 Ne4 19. a4 b6 20. b3 Nxc3 21. Qxc3 dxc4 22.
bxc4 Ba6 23. Ng5 Rec8 24. Qc2 g6 25. Ne4 Qe7 26. Qc1 Kg7 27. Nd6 Rc7 28. Qb2 Rb8 29. Rb1 Kg8 30. Qc1 Kg7 31.
Re3 Rd7 32. Rh3 h5 33. Qf4 c5 34. dxc5 1-0



[ePGN "0.1;DGT LiveChess/2.2.6"]

[Event "MČR juniorů a juniorek v rapid šachu 2024"]
[Site "Hotel Fit Fun, Harrachov, Czech Republic"]
[Date "2024.09.21"]
[Round "1.8"]
[White "Sadil Antonin"]
[Black "Pressler Tobias"]
[Result "1/2-1/2"]
[TimeControl "20+5"]
[WhiteFideId "23735597"]
[BlackFideId "23715359"]
[WhiteElo "1784"]
[BlackElo "1992"]

1. e4 d5 2. exd5 Qxd5 3. Nc3 Qd6 4. d4 Nf6 5. Nf3 a6 6. g3 g6 7. Bg2 Bg7 8. O-O Bg4 9. h3 Bxf3 10.
Bxf3 c6 11. Bf4 Qb4 12. Rb1 O-O 13. Re1 e6 14. a3 Qa5 15. h4 Rd8 16. Bg5 h6 17. Be3 Nbd7 18. Qd2 Kh7 19. Ne4 Qf5 20.
Nxf6+ Nxf6 21. Bg2 Rd7 22. Rbd1 Rad8 23. c3 c5 24. Qe2 cxd4 25. Bxd4 e5 26. Qxe5 Qxe5 27. Rxe5 Ng4 28. Re4 f5 29. Re2 Ne5 30. Rde1 Nd3 31.
Rd1 Nc5 32. Rde1 Nd3 33. Rd1 Bxd4 34. cxd4 Rxd4 35. Red2 R4d7 36. Bxb7 Rxb7 37. Rxd3 Rxd3 38. Rxd3 Rxb2 39. Rd7+ Kg8 40. Rd6 Kf7 41. Rxa6 Ra2 42. a4 Kg7 43. a5 Ra3 44. Kg2 Kf7 45. Ra8 Kg7 46.
a6 Kh7 47. a7 Kg7 48. Kh2 1/2-1/2



[ePGN "0.1;DGT LiveChess/2.2.6"]

[Event "MČR juniorů a juniorek v rapid šachu 2024"]
[Site "Hotel Fit Fun, Harrachov, Czech Republic"]
[Date "2024.09.21"]
[Round "1.9"]
[White "Juhanak Daniel"]
[Black "Dorazilova Kristyna"]
[Result "1-0"]
[TimeControl "20+5"]
[WhiteFideId "23718765"]
[BlackFideId "23739142"]
[WhiteElo "1982"]
[BlackElo "1771"]

1. Nf3 Nf6 2. c4 e6 3. g3 b6 4. Bg2 Bb7 5. O-O Be7 6. d4 O-O 7. Re1 d5 8. cxd5 exd5 9. Nc3 Ne4 10. Bf4 Nxc3
11. bxc3 Nd7 12. a4 a5 13.
Qb3 Nf6 14. Ne5 Bd6 15. Nd3 Re8 16. Bxd6 Qxd6 17. Rac1 Ba6 18. Ne5 Rad8 19. e4 Rxe5 20. dxe5 Qxe5 21. exd5 Qh5 22. c4 Bc8 23. Qf3 Bg4 24. Qf4 Rd6 25. Re5 Qg6 26. Be4 Nxe4 27. Re8# 1-0



[ePGN "0.1;DGT LiveChess/2.2.6"]

[Event "MČR juniorů a juniorek v rapid šachu 2024"]
[Site "Hotel Fit Fun, Harrachov, Czech Republic"]
[Date "2024.09.21"]
[Round "2.1"]
[White "Hak David"]
[Black "Pejrimovska Viola Ruby"]
[Result "1-0"]
[TimeControl "20+5"]
[WhiteFideId "377007"]
[BlackFideId "23709529"]
[WhiteElo "2103"]
[BlackElo "1876"]

1. d4 Nf6 2. c4 g6 3. Nc3 Bg7 4. e4 d6 5.
Nf3 O-O 6. Be2 e5 7. O-O Nc6 8.
d5 Ne7 9. Ne1 Nd7 10. Be3 f5 11. f3 f4 12. Bf2 g5 13.
a4 Ng6 14. a5 h5 15. Nb5 h4 16. Nxa7 Rxa7 17. Bxa7 Nf6 18. h3 g4 19. hxg4 Nh5 20. gxh5 Qg5 21. hxg6 Rf6 22. Qd2 Rxg6 23.
Bd1 Qh5 24. Kf2 h3 25. Ke2 hxg2 26. Rg1 Qh2 27. Kd3 Bh3 28. Bf2 Bf6 29. b4 Bh4 30. b5 Rg3 31. a6 Bg4 32. Bxg3 Qxg1 33.
axb7 Qd4+ 34. Kc2 Qxc4+ 35. Qc3 Qxb5 36. Ra8+ Kg7 37. b8=Q Qxb8 38. Rxb8 g1=Q 39. Qxc7+ Kg6 40. Rg8+ Kh6 41. Qg7+ Kh5 42. Qg6# 1-0



[ePGN "0.1;DGT LiveChess/2.2.6"]

[Event "MČR juniorů a juniorek v rapid šachu 2024"]
[Site "Hotel Fit Fun, Harrachov, Czech Republic"]
[Date "2024.09.21"]
[Round "2.10"]
[White "Rybacek Martin"]
[Black "Rybackova Lucie"]
[Result "1/2-1/2"]
[TimeControl "20+5"]
[WhiteFideId "23739266"]
[BlackFideId "23739207"]
[WhiteElo "1831"]
[BlackElo "1933"]

1. Nf3 Nf6 2. g3 g6 3. Bg2 Bg7 4. O-O O-O 5. d4 d5 6. c4 c6 7. cxd5 cxd5 8. Ne5 e6 9. Nc3 Nfd7 10.
f4 Nc6 11. Be3 Ndxe5 12. fxe5 Bd7 13. Qd2 f6 14. exf6 Bxf6 15. Kh1 Bg7 16. h4 Qe7 17. Bg5 Qd6 18. Bf4 Qe7 19. Bg5 Qd6 20.
Bf4 Qe7 21. e4 dxe4 22. d5 exd5 23.
Nxd5 Qc5 24. Bxe4 Qd4 25. Qxd4 Bxd4 26. Rab1 Rae8 27. Bg2 Re2 28. b3 Bf5 29. Rbe1 Rfe8 30. Rxe2 Rxe2 31. Rd1 Rxa2 32. b4 Ra1 33. Rxa1 Bxa1 34. b5 Nd4 35. Nc7 Bd7 36.
Bd5+ Kf8 37. Bd6+ Kg7 38. Be5+ Kf8 1/2-1/2



[ePGN "0.1;DGT LiveChess/2.2.6"]

[Event "MČR juniorů a juniorek v rapid šachu 2024"]
[Site "Hotel Fit Fun, Harrachov, Czech Republic"]
[Date "2024.09.21"]
[Round "2.11"]
[White "Mrazek Adam"]
[Black "Sichrovsky Tomas"]
[Result "1-0"]
[TimeControl "20+5"]
[WhiteFideId "23725010"]
[BlackFideId "23704730"]
[WhiteElo "1830"]
[BlackElo "1928"]

1. c4 Nf6 2. g3 g6 3. Bg2 Bg7 4. Nc3 O-O 5. Nf3 c5 6. O-O Nc6 7. d4 cxd4 8. Nxd4 d6 9. Nxc6 bxc6 10. Bxc6 Bh3 11. Bg2 Bxg2 12. Kxg2 Rc8 13. Qa4 Qc7 14. Nd5 Qb7 15. Qb5 Qa8 16. Kg1 Nxd5 17. Qxd5 Rc5 18. Qxa8 Rxa8 19. Be3 Rxc4 20. Rac1 Rac8 21. b3 Rc2 22. Kg2 f5 23. Kf3 e5 24.
a4 d5 25. Rxc2 Rxc2 26. Rc1 e4+ 27. Kg2 Rxc1 28. Bxc1 Bc3 29. Ba3 d4 30. b4 d3 31. exd3 exd3 32. Kf3 Bd4 33.
Bc1 a6 34. b5 axb5 35. axb5 Kf7 36. Be3 Be5 37. Bf4 Bd4 38. Be3 Be5 39. Bc5 Ke6 40. Ke3 d2 41. Kxd2 Kd5 42. Be3 Kc4 43. b6 Kb5 44.
Kd3 Bd6 45. h4 Be5 46. Bd4 Bd6 47. Ke3 Kc6 48. Kf3 h5 49. Be3 Be5 50. Bf4 Bf6 51. Bc7 Be7 52. Kf4 Bf6 53. Be5 Be7 54. Bd4 Bd8 55. Ke5 Kb7 56. Ke6 Kc6 57. Kf7 g5 58.
hxg5 Bxg5 59. Kg6 h4 60. gxh4 Bxh4 61.
Kxf5 Bd8 62. Ke6 1-0



[ePGN "0.1;DGT LiveChess/2.2.6"]

[Event "MČR juniorů a juniorek v rapid šachu 2024"]
[Site "Hotel Fit Fun, Harrachov, Czech Republic"]
[Date "2024.09.21"]
[Round "2.12"]
[White "Sknouril Jakub"]
[Black "Bartak Josef"]
[Result "0-1"]
[TimeControl "20+5"]
[WhiteFideId "23731133"]
[BlackFideId "23712252"]
[WhiteElo "1806"]
[BlackElo "1902"]

1. Nf3 Nf6 2. c4 g6 3.
Nc3 Bg7 4. g3 c6 5. Bg2 d5 6. cxd5 cxd5 7. d3 Nc6 8. O-O e5 9. Qb3 d4 10. Ng5 O-O 11. Nd5 h6 12. Nxf6+ Qxf6 13.
Ne4 Qe7 14. Bd2 Be6 15. Qc2 Rac8 16. a3 f5 17. Nc5 Nb8 18. Qa4 Qxc5 19. Bb4 Qc2 20. Qxc2 Rxc2 21. Bxf8 Bxf8 22. b4 b6 23.
Rfe1 Nd7 24. Rac1 Ra2 25. Ra1 Rxa1 26. Rxa1 a5
27. Rb1 Kf7 28. Kf1 Bd6 29. Ke1 Nf6 30. bxa5 bxa5 31. Rb7+ Nd7 32. Ra7 Bxa3 33. Kd1 Bb4 34. Bc6 Ke7 35. Ba4 Kd6 36. Ra8 Nb6 37. Ra6 Kc7 38. Ra7+ Kb8 39. Re7 Bxe7 0-1



[ePGN "0.1;DGT LiveChess/2.2.6"]

[Event "MČR juniorů a juniorek v rapid šachu 2024"]
[Site "Hotel Fit Fun, Harrachov, Czech Republic"]
[Date "2024.09.21"]
[Round "2.13"]
[White "Pejrimovsky Tadeas Rubel"]
[Black "Housa Vojtech"]
[Result "1-0"]
[TimeControl "20+5"]
[WhiteFideId "23709537"]
[BlackFideId "23736364"]
[WhiteElo "1895"]
[BlackElo "1691"]

1. e4 c5 2. b4 cxb4 3.
a3 d5 4. exd5 Qxd5 5. Nf3 Bg4 6.
Be2 Bxf3 7. Bxf3 Qe5+ 8. Qe2 Qxa1 9. Bxb7 Nd7 10. Bxa8 Qxb1 11. Qc4 e6 12. O-O Qa1 13. c3 bxa3 14. Qc8+ Ke7 15. d4 Ngf6 16. d5 e5 17.
Bg5 Qb2 18. Bc6 Kd6 19. Bxd7 Qb6 20. Bc6 Qc7 21. Qa6 Nxd5 22. Bxd5+ Kxd5 23. Rd1+ 1-0



[ePGN "0.1;DGT LiveChess/2.2.6"]

[Event "MČR juniorů a juniorek v rapid šachu 2024"]
[Site "Hotel Fit Fun, Harrachov, Czech Republic"]
[Date "2024.09.21"]
[Round "2.14"]
[White "Stastna Martina"]
[Black "Mikolas Petr"]
[Result "1/2-1/2"]
[TimeControl "20+5"]
[WhiteFideId "385123"]
[BlackFideId "23713224"]
[WhiteElo "1801"]
[BlackElo "1892"]

1. e4 c5 2. Nf3 d6 3. Bb5+ Nd7 4.
O-O a6 5. Be2 Ngf6 6. d3 b5 7. b3 Bb7 8. Bb2 e6 9. Nbd2 Be7 10. Re1 O-O 11. e5 dxe5 12. Nxe5 Nxe5 13. Bxe5 Nd7 14.
Bb2 Bf6 15. Bxf6 Nxf6 16. Bf3 Bxf3 17. Qxf3 Qd4 18. Ne4 Nd5 19. a4 Rab8 20. h3 Nc3 21. axb5 axb5 22. Qe3 Qxe3 23. Rxe3 Nxe4 24.
Rxe4 Ra8 25. Ree1 Rfd8 26. Kf1 Kf8 27. Ke2 Ke7 28. Kd2 b4 29. Rxa8 Rxa8 30. Re4 Rd8 31. Rc4 Rd5 32. Ke3 e5 33. f4 exf4+ 34. Rxf4 g5 35. Rc4 Re5+ 36. Re4 Kd6 37. d4 Rd5 38.
dxc5+ Rxc5 39. Kd3 Rd5+ 40. Kc4 Rc5+ 41. Kd3 Rd5+ 42. Rd4 Kc5 43. Rxd5+ Kxd5 44. c3
bxc3 45. Kxc3 Kc5 46. b4+ Kd5 1/2-1/2



[ePGN "0.1;DGT LiveChess/2.2.6"]

[Event "MČR juniorů a juniorek v rapid šachu 2024"]
[Site "Hotel Fit Fun, Harrachov, Czech Republic"]
[Date "2024.09.21"]
[Round "2.15"]
[White "Zadrapova Amalie"]
[Black "Jun Robert"]
[Result "0-1"]
[TimeControl "20+5"]
[WhiteFideId "23710276"]
[BlackFideId "23709510"]
[WhiteElo "1891"]
[BlackElo "1681"]

1. e4 c5 2. Nf3 d6 3. d4 cxd4 4. Nxd4 e6 5. Nc3 Nf6 6. Be3 a6 7. Be2 b5 8. a3 Bb7 9. Bf3 Nbd7 10. Nde2 Ne5 11. Ng3 Be7 12.
Be2 Rc8 13. O-O Nc4 14. Bxc4 Rxc4 15. f3 d5 16. exd5 Nxd5 17. Nxd5 Bxd5 18. Nh5 O-O 19. Nf4 Bb7 20. Nd3 Qc7 21.
c3 Rd8 22. Qe2 Bd5 23. Bd4 f6 24. f4 Rc6 25. Rad1 Bc4 26. Rf3 Bc5 27. Bxc5 Rxc5 28. Re3 e5 29. fxe5 fxe5 30. b3 Bxb3 31.
Rf1 Rxc3 32. Nxe5 Qc5 33. Ng4 Bc4 34. Qf3 Rxe3 35. Nxe3 0-1



[ePGN "0.1;DGT LiveChess/2.2.6"]

[Event "MČR juniorů a juniorek v rapid šachu 2024"]
[Site "Hotel Fit Fun, Harrachov, Czech Republic"]
[Date "2024.09.21"]
[Round "2.16"]
[White "Lebeda Frantisek Jiri"]
[Black "Markina Sofiia"]
[Result "0-1"]
[TimeControl "20+5"]
[BlackFideId "23744014"]
[WhiteElo "1000"]
[BlackElo "1885"]

1. d4 d5 2. c4 c6 3. Nf3 Nf6 4. Nc3 dxc4 5. Bg5 h6 6. Bxf6 exf6 7. h3 Be6 8. e4 Bb4 9. Qc2 O-O 10. a3 Bxc3+ 11. Qxc3 b5 12.
Be2 Nd7 13. O-O Nb6 14. Bd1 Qc7 15. Bc2 Rfd8 16. Rad1 Rd7 17. Rd2 Rad8 18. Rfd1 Qf4 19. g3 Qc7 20. Kg2 Qc8 21. Rh1 Re7 22.
Nh4 g5 23. Nf3 f5 24. e5 Nd5 25. Qa5 f4 26. g4 Bxg4 27. hxg4 Qxg4+ 28. Kf1 Qxf3 29. Qxd8+ Kg7 30. Rxh6 Ne3+ 31.
Ke1 Nxc2+ 32. Rxc2 Kxh6 33. Qxe7 Qe4+ 34. Kd2 Qd3+ 35. Kc1 Qf1+ 36. Kd2 Qxf2+ 37. Kc3 Qe3+ 38. Kb4 Qb3+ 39. Kc5 Qxc2 40.
Qxf7 Qg6 41. Qf8+ Kh5 42. Qh8 Kg4 43. Qf6 Qe4 44. e6 Qd5+ 45. Kb4 Qd6+ 46. Kc3 f3 47. Qf7 c5 48. dxc5 Qd3+ 49. Kb4 Qb3+ 50. Ka5 Qa4# 0-1



[ePGN "0.1;DGT LiveChess/2.2.6"]

[Event "MČR juniorů a juniorek v rapid šachu 2024"]
[Site "Hotel Fit Fun, Harrachov, Czech Republic"]
[Date "2024.09.21"]
[Round "2.17"]
[White "Ret Adam Josef"]
[Black "Sadil Antonin"]
[Result "1-0"]
[TimeControl "20+5"]
[WhiteFideId "384240"]
[BlackFideId "23735597"]
[WhiteElo "2038"]
[BlackElo "1784"]

1. c4 Nf6 2. g3 g6 3. Bg2 d5 4. cxd5 Nxd5 5. Nf3 Bg7 6. O-O O-O 7. d3 c5 8. Qc2 Na6 9. Nc3 Nab4 10. Qd2 Nxc3 11. bxc3 Nd5 12.
Bb2 Bd7 13. c4 Nb4 14. Bxg7 Kxg7 15. d4 b6 16. d5 Rb8 17. e4 Bg4 18. Ne5 Bd7 19. f4 Ba4 20. Rac1 Qd6 21. Ng4 Nc6 22.
f5 Nd4 23. e5 Qd7 24. f6+ exf6 25. Qh6+ 1-0



[ePGN "0.1;DGT LiveChess/2.2.6"]

[Event "MČR juniorů a juniorek v rapid šachu 2024"]
[Site "Hotel Fit Fun, Harrachov, Czech Republic"]
[Date "2024.09.21"]
[Round "2.18"]
[White "Pressler Tobias"]
[Black "Musil Tomas"]
[Result "1-0"]
[TimeControl "20+5"]
[WhiteFideId "23715359"]
[BlackFideId "23762888"]
[WhiteElo "1992"]
[BlackElo "1519"]

1. e4 e6 2. d4 d5 3.
Nd2 c5 4. Ngf3 Nc6 5. c3 Bd7 6. Bd3 Nge7 7. O-O cxd4 8. cxd4 Ng6 9. e5 f6 10. exf6 Qxf6 11. Nb3 Bd6 12. Bg5 Qf7 13.
Rc1 O-O 14. Nc5 Bxc5 15. Rxc5 Nf4 16. Bb1 Rae8 17. Qc2 g6 18. Ne5 Nxe5 19. dxe5 Nxg2 20. Bh6 Nh4 21. f4 Nf5 22. Bxf8 Ne3 23.
Qf2 Nxf1 24. Bh6 Qe7 25. Bg5 Qf8 26. Rc7 Bb5 27. Bf6 1-0



[ePGN "0.1;DGT LiveChess/2.2.6"]

[Event "MČR juniorů a juniorek v rapid šachu 2024"]
[Site "Hotel Fit Fun, Harrachov, Czech Republic"]
[Date "2024.09.21"]
[Round "2.19"]
[White "Nespora Tatana"]
[Black "Bezdek Tomas"]
[Result "0-1"]
[TimeControl "20+5"]
[WhiteFideId "392286"]
[BlackFideId "23733551"]
[WhiteElo "1697"]
[BlackElo "1973"]

1. e4 e6 2. Nf3 d5 3. e5 c5 4. b4 cxb4 5. d4 b6 6. a3 a5 7. axb4 Bxb4+ 8. c3 Be7 9. Bd3 Ba6 10.
O-O Bxd3 11. Qxd3 Nd7 12. Ba3 h5 13. h4 Nh6 14. Ng5 Bxg5 15. hxg5 Qxg5 16. Bd6 Nf5 17. Na3 Nxd6 18. exd6 h4 19. Qh3 Qf4 20. Nb5 O-O 21.
g3 hxg3 22. fxg3 Qe3+ 23. Rf2 Nf6 24.
Raa2 Ne4 25. Rae2 Qxg3+ 26. Qxg3 Nxg3 27. Re3 Ne4 28. Rb2 Rfd8 29. Nc7 Rac8 30. Rxb6 Rxd6 31. Rb7 Rd7 0-1



[ePGN "0.1;DGT LiveChess/2.2.6"]

[Event "MČR juniorů a juniorek v rapid šachu 2024"]
[Site "Hotel Fit Fun, Harrachov, Czech Republic"]
[Date "2024.09.21"]
[Round "2.2"]
[White "Koranda Kosma"]
[Black "Steinbauer Sebastian"]
[Result "0-1"]
[TimeControl "20+5"]
[WhiteFideId "23772948"]
[BlackFideId "399272"]
[WhiteElo "1884"]
[BlackElo "2062"]

1. e4 e5 2. Nf3 Nf6 3. Nxe5 d6 4. Nf3 Nxe4 5. d4 d5 6. Bd3 Bg4 7. c4 Bb4+ 8.
Nbd2 Nxd2 9. Qa4+ Nc6 10. Bxd2 Bxd2+ 11. Kxd2 Bxf3 12. Rhe1+ Kf8 13. gxf3 dxc4 14. Qxc4 Qxd4 15. Qxd4 Nxd4 16.
Be4 c6 17. Ke3 Ne6 18. Rad1 Ke7 19. b4 g6 20. b5 cxb5 21. Bxb7 Rab8 22. Bc6 Rhd8 23. f4 Rd6 24. Rc1 Kf6 25.
Red1 Rxd1 26. Rxd1 Rb6 27. Bg2 b4 28. Rd7 a5 29. Ra7 b3 30. axb3 Rxb3+ 31. Ke4 Rb4+ 32. Ke3 a4 33. Bc6 Rb3+ 34.
Kd2 a3 35. Be8 Nd8 36. Kc2 Rb2+ 37. Kc3 Rxf2 38. Kb4 a2 39. Kb3 Rxh2 40. Bd7 Rd2 41. Bc8 h5 42. Ra6+ Ne6 43. Rxa2 Rxa2 44. Kxa2 Nxf4 45. Kb3 h4 46. Kc3 h3 47. Kd2 h2 48. Bb7 g5 49. Ke3 Kf5 50. Kf2 g4 51. Kg3 Nh5+ 52. Kxh2 Kf4 53. Bc6 f5 54. Kg2 Nf6 55. Bb5 Ne4 56. Bc6 Ke5 57.
Bd7 Nf6 58. Bc8 f4 59. Kf2 Ke4 60.
Bb7+ Nd5 61. Ba8 g3+ 62. Kf1 Kd4 63. Kg2 Ne7 64. Kf3 Ke5 65. Ke2 Nf5 66. Kd3 Nh4 67. Ke2 Kd4 68. Kf1 Ke3 69. Bb7 f3 70. Bc6 Ng6 71. Bd5 Nf4 72. Bc6 g2+ 73. Kg1 Ne2+ 74. Kh2 g1=Q+ 0-1



[ePGN "0.1;DGT LiveChess/2.2.6"]